 Dungeon Crawl Stone Soup version 0.32-a0-312-g1d7162e751 (webtiles) character file.

Game seed: 17361081154500394406

975 Essalna the Gusty (level 7, -1/41 HPs)
             Began as a Deep Elf Air Elementalist on Feb 15, 2024.
             Killed by their own static electricity (2 damage)
             ... on level 4 of the Dungeon.
             The game lasted 00:05:51 (3594 turns).

Essalna the Gusty (Deep Elf Air Elementalist)       Turns: 3594, Time: 00:05:51

Health: -1/41      AC:  5    Str:  5    XL:     7   Next: 95%
Magic:  7/16       EV: 12    Int: 22    God:
Gold:   119        SH:  0    Dex: 15    Spells: 6/16 levels left

rFire   . . .        r - +1 dagger (speed)
rCold   . . .        (no shield)
rNeg    . . .        a - +0 robe
rPois   .            h - +0 helmet
rElec   .            (no cloak)
rCorr   .            d - +1 pair of gloves
SInv    .            (no boots)
Will    .....        (no amulet)
Stlth   ++           j - ring of flight
HPRegen 0.26/turn    (no ring)
MPRegen 0.15/turn

%: no passive effects
@: flying, hasted, very quick
A: no striking features
a: no special abilities


You were on level 4 of the Dungeon.
You visited 1 branch of the dungeon, and saw 4 of its levels.

You collected 119 gold pieces.

Inventory:

Hand Weapons
 c - a +0 dagger
 r - a +1 dagger of speed (weapon)
Armour
 a - a +0 robe (worn)
 d - a +1 pair of gloves (worn)
 h - a +0 helmet (worn)
Jewellery
 j - a ring of flight (left hand)
 p - a ring of protection from fire
Scrolls
 e - a scroll of blinking {unknown}
 l - 5 scrolls of identify {unknown}
 m - a scroll of vulnerability {unknown}
 n - a scroll of amnesia {unknown}
 o - a scroll of revelation {unknown}
 q - a scroll of silence {unknown}
 s - a scroll of teleportation {unknown}
 u - a scroll of enchant armour {unknown}
Potions
 b - a potion of magic
 f - a potion of haste
 g - a potion of attraction {unknown}
 i - a potion of berserk rage {unknown}
 k - a potion of curing {unknown}
 t - a potion of brilliance {unknown}


   Skills:
 + Level 3.1 Fighting
 - Level 2.4 Dodging
 - Level 2.4 Stealth
 - Level 5.0 Spellcasting
 + Level 5.7 Conjurations
 + Level 0.3 Summonings
 + Level 6.7 Air Magic


You had 6 spell levels left.
You knew the following spells:

 Your Spells              Type           Power      Damage    Failure   Level
a - Shock                 Conj/Air       100%       1d9       1%          1
b - Swiftness             Air            35%        N/A       1%          3
c - Static Discharge      Conj/Air       66%        3-6/arc   1%          2
d - Summon Lightning Spi  Summ/Air       21%        N/A       24%         4

Your spell library contained the following spells:

 Spells                   Type           Power      Damage    Failure   Level
 Airstrike                Air            17%        2d(3-19)  6%          4
 Animate Armour           Summ/Erth      12%        N/A       67%         4
 Lee's Rapid Deconstruct  Erth           2%         3d5*      95%         5


Dungeon Overview and Level Annotations

Branches:
Dungeon (4/15)
 Temple: D:4-7

Altars:

Shops:
D:1 =   D:4 *


Message History

Aiming: Shock (safe; 1% risk of failure)
Press: ? - help, Shift-Dir - straight line, f/p - kobold brigand
Aim: a kobold brigand, wielding a +0 whip and quivering curare-tipped darts (moderately wounded, 67% to hit)
The zap misses the kobold brigand.
The kobold brigand hits you with a +0 whip!
Casting: Shock (safe; 1% risk of failure)
Confirm with . or Enter, or press ? or * to list all spells.
Aiming: Shock (safe; 1% risk of failure)
Press: ? - help, Shift-Dir - straight line, f/p - kobold brigand
Aim: a kobold brigand, wielding a +0 whip and quivering curare-tipped darts (moderately wounded, 67% to hit)
The zap hits the kobold brigand.
The kobold brigand is moderately wounded.
The kobold brigand hits you with a +0 whip.
* * * LOW HITPOINT WARNING * * *
It was a potion of haste.
You feel yourself speed up.
The kobold brigand completely misses you.
You hit the kobold brigand.
The kobold brigand is heavily wounded.
The kobold brigand hits you but does no damage.
You hit the kobold brigand.
The kobold brigand is heavily wounded.
You hit the kobold brigand but do no damage.
The kobold brigand is heavily wounded.
The kobold brigand hits you with a +0 whip!
* * * LOW HITPOINT WARNING * * *
Casting: Shock (safe; 1% risk of failure)
Confirm with . or Enter, or press ? or * to list all spells.
The kobold brigand is struck by an arc of lightning!
The kobold brigand is severely wounded.
You are struck by an arc of lightning.
* * * LOW HITPOINT WARNING * * *
The kobold brigand is struck by an arc of lightning!
The kobold brigand is almost dead.
The lightning grounds out.
Casting: Static Discharge (safe; 1% risk of failure)
Confirm with . or Enter, or press ? or * to list all spells.
The kobold brigand is struck by an arc of lightning.
You kill the kobold brigand!
You are struck by an arc of lightning.
You die...

#.).♣♣PP.PP♣♣.#######
#..♣♣PP...PP♣♣.......
#####..♣♣P.....P♣♣.#####♣
#...'.......⌠...)..# ♣♣
#.###..♣♣P.....P♣♣÷# ♣♣P
#.# ###♣♣PP...PP♣♣)##♣♣PP
#.# ♣♣PP.PP♣♣....♣♣P.
#5######♣♣♣♣.♣♣♣♣.##.....
#.##...)@# ♣.♣♣##'##<♣♣P.
#5##.##### #..##...##♣♣PP
#.##.# ##......+ ♣♣P
#.#..# ####...# ♣♣
#.J.##### #...#
...#K......# #...# #
............# ###### ##
......#.....# #...# ##.
...>..#.....#### #...#
#..


There were no monsters in sight!

Vanquished Creatures
  Pikel (D:4)
  Grinder (D:4)
  Sigmund (D:2)
  2 lemures (D:4)
  A kobold brigand (D:4)
  A sleepcap (D:4)
  Terence (D:2)
  6 adders
  3 dart slugs
  A ribbon worm (D:3)
  2 orcs
  3 ball pythons (D:1)
  8 endoplasms
  5 giant cockroaches
  A goblin (D:3)
  7 hobgoblins
  3 quokkas
  5 bats
  2 frilled lizards (D:1)
  4 kobolds
  3 rats
61 creatures vanquished.

Notes
Turn   | Place    | Note
-------+----------+-------------------------------------------
     0 | D:1      | Essalna the Deep Elf Air Elementalist began the quest for
                  | the Orb.
     0 | D:1      | Reached XP level 1. HP: 10/10 MP: 6/6
   127 | D:1      | Reached XP level 2. HP: 15/15 MP: 6/8
   146 | D:1      | Found Magerch's One-of-a-Kind Rings.
   301 | D:1      | Reached XP level 3. HP: 19/19 MP: 5/10
  1012 | D:2      | Reached skill level 4 in Air Magic
  1314 | D:2      | Noticed Terence
  1416 | D:2      | Noticed Sigmund
  1440 | D:2      | Killed Sigmund
  1441 | D:2      | Reached skill level 5 in Spellcasting
  1441 | D:2      | Reached skill level 5 in Air Magic
  1441 | D:2      | Reached XP level 4. HP: 24/24 MP: 2/13
  1441 | D:2      | Reached XP level 5. HP: 28/28 MP: 2/14
  1559 | D:2      | Learned a level 3 spell: Swiftness
  1562 | D:2      | Learned a level 2 spell: Static Discharge
  1574 | D:2      | Killed Terence
  1861 | D:2      | Reached XP level 6. HP: 33/33 MP: 12/15
  2571 | D:3      | Reached skill level 1 in Fighting
  3060 | D:4      | Noticed Grinder
  3076 | D:4      | Killed Grinder
  3077 | D:4      | Reached XP level 7. HP: 9/40 MP: 6/16
  3247 | D:4      | Noticed Pikel
  3283 | D:4      | Killed Pikel
  3284 | D:4      | Reached skill level 5 in Conjurations
  3284 | D:4      | Reached skill level 6 in Air Magic
  3393 | D:4      | Found Hemoh's Assorted Antiques.
  3402 | D:4      | Learned a level 4 spell: Summon Lightning Spire
  3593 | D:4      | HP: 1/41 [/static electricity (2)]
  3594 | D:4      | Killed from afar by themself

Illustrated notes

Levels and vault maps discovered:
D:1:      amcnicky_arrival_wind_blow, layout_basic, nicolae_shop_unique_rings,
          minmay_fountain_box, minmay_misc_feat_secret_circle
D:2:      layout_loops_ring, kennysheep_crisscross, uniq_terence, uniq_sigmund
D:3:      layout_basic, minivault_11
D:4:      layout_basic, serial_shops, shop, serial_forest,
          infiniplex_forest_fountain, infiniplex_forest_lined_3,
          infiniplex_forest_lined_room_3, infiniplex_forest_clump_long,
          infiniplex_forest_lined_room_2, infiniplex_forest_end_2,
          infiniplex_forest_lined_2, infiniplex_forest_fountain, uniq_grinder,
          uniq_pikel

Skill      XL: |  1  2  3  4  5  6  7 |
---------------+----------------------+-----
Conjurations   | 2 3 4 5 |  5.7
Spellcasting   | 5 |  5.0
Air Magic      | 5 6 |  6.7
Fighting       | 2 3 |  3.1
Dodging        | |  2.4
Stealth        | |  2.4
Summonings     | |  0.3

Action                     |  1- 3 |  4- 6 |  7- 9 || total
---------------------------+-------+-------+-------++-------
  Melee: Dagger            |     4 |       |     3 ||     7
   Cast: Shock             |    61 |    63 |    27 ||   151
         Static Discharge  |       |     1 |     5 ||     6
         Swiftness         |       |     1 |       ||     1
    Use: Potion            |       |       |     1 ||     1
 Armour: Robe              |     4 |     4 |    14 ||    22
  Dodge: Dodged            |     9 |     5 |     5 ||    19

Table legend: (Time is in decaauts)
 A = Elapsed time spent in this place.
 B = Non-inter-level travel time spent in this place.
 C = Inter-level travel time spent in this place.
 D = Time resting spent in this place.
 E = Time spent auto-exploring this place.
 F = Levels seen in this place.
 G = Mean time per level.
                   A        B        C        D        E       F      G
               +--------+--------+--------+--------+--------+-----+--------+
         Total |   3596 |   3513 |     83 |      0 |   3084 |   4 |  899.0 |
       Dungeon |   3596 |   3513 |     83 |      0 |   3084 |   4 |  899.0 |
               +--------+--------+--------+--------+--------+-----+--------+

Top non-repeatable levels by time:
     D:2: 1056 daAuts
     D:3: 1047 daAuts
     D:1: 949 daAuts
     D:4: 542 daAuts
